 Dungeon Crawl Stone Soup version 0.32-a0-898-g7811c86cf0 (webtiles) character file.

Game seed: 11392125672276216037

89891 gruber the Slicer (level 15, 0/79 HPs)
             Began as a Vine Stalker Fighter on Apr 3, 2024.
             Was the Champion of Uskayaw.
             Killed by divine providence
             ... invoked by an orc priest
              (1 damage)
             ... on level 2 of the Orcish Mines on Apr 4, 2024.
             The game lasted 00:28:52 (22314 turns).

gruber the Slicer (Vine Stalker Fighter)           Turns: 22314, Time: 00:28:53

Health: 0/79       AC: 24    Str: 26    XL:     15   Next: 98%
Magic:  0/22       EV: 13    Int:  8    God:    Uskayaw [******]
Gold:   2503       SH:  7    Dex: 20    Spells: 14/14 levels left

rFire   . . .        Q - +7 captain's cutlass {speed, disarm}
rCold   + . .        c - +0 buckler
rNeg    . . .        t - +6 chain mail of Hysaliss {SInv}
rPois   .            C - +2 hat {Will+}
rElec   .            (no cloak)
rCorr   .            V - +2 pair of gloves
SInv    +            D - +0 pair of boots
Will    ++...        (no amulet)
Stlth   +++          F - +6 ring of strength
HPRegen 1.13/turn    L - ring of protection from cold
MPRegen 0.18/turn

%: guardian spirit
@: lethally poisoned (0 -> -1), spiked
A: fangs 3, regeneration 1, magic shield, antimagic bite, no potion heal 2
a: Renounce Religion, Stomp, Line Pass, Grand Finale


You were on level 2 of the Orcish Mines.
You worshipped Uskayaw.
Uskayaw was aware of your devotion.
You visited 4 branches of the dungeon, and saw 23 of its levels.
You also visited: Sewer.

You collected 2503 gold pieces.

Inventory:

Hand Weapons
 Q - the +7 captain's cutlass (weapon) {speed, disarm}
   (You found it on level 5 of the Lair of Beasts)
 R - a +0 rapier
Missiles
 T - 3 throwing nets (quivered)
Armour
 c - a +0 buckler (worn)
 t - the +6 chain mail of Hysaliss (worn) {SInv}
   (You found it on level 3 of the Dungeon)

   SInv:      It lets you see invisible.
 C - a +2 hat of willpower (worn)
 D - a +0 pair of boots (worn)
 V - a +2 pair of gloves (worn)
Jewellery
 a - a +4 ring of protection
 F - a +6 ring of strength (left hand)
 H - a ring of ice
 L - a ring of protection from cold (right hand)
 U - a ring of magical power
Wands
 g - a wand of warping (17)
 w - a wand of mindburst (26)
 x - a wand of flame (36)
 z - a wand of charming (17)
 J - a wand of polymorph (9)
 K - a wand of acid (14)
Scrolls
 b - 8 scrolls of immolation {unknown}
 h - 8 scrolls of amnesia {unknown}
 i - 3 scrolls of enchant armour {unknown}
 k - 13 scrolls of teleportation
 l - 17 scrolls of identify {unknown}
 m - 3 scrolls of fear {unknown}
 r - 8 scrolls of revelation {unknown}
 u - 3 scrolls of fog {unknown}
 v - 3 scrolls of blinking {unknown}
 y - a scroll of butterflies {unknown}
 B - a scroll of brand weapon {unknown}
 E - 3 scrolls of vulnerability {unknown}
 I - 2 scrolls of enchant weapon {unknown}
 M - 2 scrolls of torment {unknown}
 O - 3 scrolls of poison {unknown}
 P - 2 scrolls of silence {unknown}
Potions
 d - 5 potions of might
 e - a potion of resistance {unknown}
 f - 5 potions of degeneration {unknown}
 j - a potion of magic {unknown}
 n - 10 potions of curing {unknown}
 o - 4 potions of attraction {unknown}
 p - 7 potions of heal wounds {unknown}
 q - 3 potions of brilliance {unknown}
 s - 9 potions of enlightenment
 A - 2 potions of haste {unknown}
 N - a potion of lignification {unknown}
 S - 2 potions of berserk rage {unknown}


   Skills:
 - Level 9.0 Fighting
 * Level 14.1 Short Blades
 - Level 9.0 Armour
 - Level 9.0 Dodging
 - Level 14.0 Stealth
 - Level 10.0 Shields
 - Level 8.0 Invocations


You had 14 spell levels left.
You didn't know any spells.
Your spell library contained the following spells:

 Spells                   Type           Power      Damage    Failure   Level
 Magic Dart               Conj           0%         1d3       89%         1
 Necrotise                Necr           0%         1d4       89%         1
 Slow                     Hex            0%         N/A       89%         1
 Blink                    Tloc           0%         N/A       96%         2
 Call Imp                 Summ           0%         N/A       96%         2
 Ensorcelled Hibernation  Hex/Ice        0%         N/A       96%         2
 Jinxbite                 Hex            0%         N/A       96%         2
 Searing Ray              Conj           0%         2d4       96%         2
 Static Discharge         Conj/Air       0%         3-3/arc   96%         2
 Confusing Touch          Hex            0%         N/A       99%         3
 Frozen Ramparts          Ice            0%         1d1       99%         3
 Fugue of the Fallen      Necr           0%         N/A       99%         3
 Ozocubu's Armour         Ice            0%         N/A       99%         3
 Sigil of Binding         Hex            0%         N/A       99%         3
 Vampiric Draining        Necr           0%         2d6       99%         3
 Airstrike                Air            0%         2d(0-16)  100%        4
 Anguish                  Hex/Necr       0%         N/A       100%        4
 Fulminant Prism          Conj/Alch      0%         3d5       100%        4
 Ignite Poison            Fire/Alch      0%         N/A       100%        4
 Martyr's Knell           Necr/Summ      0%         N/A       100%        4
 Sticky Flame             Fire/Alch      0%         2d4       100%        4
 Summon Lightning Spire   Summ/Air       0%         N/A       100%        4
 Vhi's Electric Charge    Tloc/Air       0%         N/A       100%        4
 Arcjolt                  Conj/Air       0%         1d10      100%        5
 Curse of Agony           Necr           0%         N/A       100%        5
 Metabolic Englaciation   Hex/Ice        0%         N/A       100%        5
 Yara's Violent Unravell  Hex/Alch       0%         3d3       100%        5
 Conjure Ball Lightning   Conj/Air       0%         3x3d6     100%        6
 Death Channel            Necr           0%         N/A       100%        6
 Plasma Beam              Fire/Air       0%         2x1d10    100%        6
 Sculpt Simulacrum        Ice/Alch       0%         N/A       100%        6
 Enfeeble                 Hex            0%         N/A       100%        7
 Discord                  Hex            0%         N/A       100%        8
 Disjunction              Tloc           0%         N/A       100%        8
 Ignition                 Fire           0%         3d3       100%        8


Dungeon Overview and Level Annotations

Branches:
Dungeon (15/15)            Temple (1/1) D:6            Lair (5/5) D:8
 Shoals (0/4) Lair:2        Snake (0/4) Lair:3        Slime (0/5) Lair:5
    Orc (2/2) D:12            Elf (0/3) Orc:2        Vaults (0/5) D:14
 Depths (0/4) D:15          Sewer (visited)

Altars:
Ashenzari
Cheibriados
Dithmenos
Elyvilon
Fedhas
Gozag
Hepliaklqana
Kikubaaqudgha
Makhleb
Nemelex Xobeh
Okawaru
Qazlal
Ru
Sif Muna
Trog
Uskayaw
Vehumet
Wu Jian
Xom
Yredelemnul
Zin
The Shining One
Beogh
Ignis
Jiyva
Lugonu

Shops:
D:3 :   D:12 :   Orc:1 [   Orc:2 *

Portals:
Abyss: Lair:5

Annotations:
D:9 1 runed translucent door, casual's ghost, journeyman DjAl
D:12 1 transporter, Iwannabefree's ghost, journeyman HuBe
Lair:2 3 runed translucent doors, DEFE's ghost, journeyman CoFi


Innate Abilities, Weirdness & Mutations

You have razor-sharp teeth.
Your natural rate of healing is unusually fast.
When hurt, damage is shared between your health and your magic reserves.
Your bite disrupts and absorbs the magic of your enemies.
Potions cannot restore your health.


Message History

Unknown command.
You hit the orc sorcerer. You bite the orc sorcerer!
The orc sorcerer's magic leaks into the air.
You drain its magic.
You feel invigorated.
The orc sorcerer is severely wounded.
* * * LOW HITPOINT WARNING * * *
You feel sick.
The ice devil hits you but does no damage.
Unknown command.
You hit the orc sorcerer. Your bite misses the orc sorcerer.
The orc sorcerer is almost dead.
Unknown command.
Unknown command.
You barely miss the orc sorcerer.
The orc sorcerer is almost dead.
* * * LOW HITPOINT WARNING * * *
You feel sick.
An orc wizard comes into view.
It is wielding a +4 dagger of electrocution.
You block the orc priest's attack.
The orc wizard hits you but does no damage.
An orc wizard comes into view.
It is wielding a +2 dagger of protection.
The orc sorcerer barely misses you. The orc high priest barely misses you.
The hellwing closely misses you. You block the hellwing's attack.
Unknown command.
You barely miss the orc sorcerer. Your bite misses the orc sorcerer.
The orc sorcerer is almost dead.
The ice devil barely misses you.
Unknown command.
Okay, then.
You hit the orc sorcerer but do no damage.
You bite the orc sorcerer, but do no damage.
The orc sorcerer is almost dead.
* * * LOW HITPOINT WARNING * * *
You feel sick.
The orc priest miscasts a cantrip.
The orc priest hits you but does no damage.
The orc priest calls down the wrath of Beogh upon you.
Beogh smites you!
You die...
Your body falls in perfect tune with the rhythm.

.....................#
....^........^...$..#
#.................##
##.....)...........#
##..).............#
#...)............#
#................#
#.)[)............#
#)o@4............#
#oo4o4........#.##
o.oooo............##
#..o.o..............#
#.oo...............##
#..#...............#
.o..#...............##
o.. #................#
.........##


You could see 2 orc high priests, a hellwing (summoned), an ice devil
(summoned), a rust devil (summoned), an orc sorcerer (magic disrupted), 6 orc
priests and 6 orc wizards.

Vanquished Creatures
  Jorgrun (Orc:1)
  Kirke (D:13)
  Gastronok (D:8)
  A fire giant (D:15)
  Azrael (D:12)
  A fire dragon (D:14)
  Josephine (D:14)
  Fannar (D:11)
  6 hydras
  Erolcha (Orc:2)
  3 ogre magi
  7 centaur warriors
  14 two-headed ogres
  A catoblepas (D:15)
  2 tengu warriors (D:14)
  A boulder beetle (D:11)
  Sonja (D:12)
  4 death yaks (Lair:3)
  An orc high priest (Orc:2)
  A deep troll earth mage (D:15)
  3 thrashing horrors (Lair:5)
  Urug (Lair:2)
  Amaemon (Lair:2)
  A skyshark (Lair:5)
  Lodul (D:14)
  An orc knight (D:14)
  3 deep elf pyromancers
  2 orc sorcerers (Orc:2)
  9 ugly things
  A meliai (shapeshifter) (Lair:5)
  5 manticores
  3 cyclopes
  3 smoke demons (Lair:5)
  2 kobold blastminers (Orc:2)
  5 black mambas
  A meliai (D:15)
  2 large abominations (Lair:5)
  Maggie (Lair:2)
  An orange demon (Lair:2)
  8 cane toads
  4 komodo dragons
  A yaktaur (D:15)
  A rime drake (Lair:2)
  A kobold demonologist (D:12)
  A freezing wraith (D:15)
  5 trolls
  A hornet (shapeshifter) (D:15)
  2 hornets
  30 blink frogs
  A polar bear (Lair:5)
  A raiju (Lair:5)
  2 spriggans (Lair:5)
  7 slime creatures
  A shadow (D:11)
  2 wyverns
  A vampire (D:13)
  A ynoxinul (Lair:5)
  2 hogs (D:13)
  6 wraiths
  10 basilisks
  34 yaks
  16 humans (D:14)
  4 steam dragons
  A fire elemental (D:12)
  17 vampire mosquitoes
  3 chaos spawn (Lair:5)
  An acid dragon (D:10)
  18 water moccasins
  4 hell hounds (D:12)
  13 orc warriors
  15 ogres
  2 black bears
  11 small abominations (Lair:5)
  2 crocodiles (Sewer)
  A sky beast (D:6)
  2 ice beasts (D:7)
  2 laughing skulls (D:15)
  24 wolves
  3 centaurs
  3 phantoms (D:4)
  A kobold brigand (D:8)
  12 bullfrogs
  4 scorpions
  A gnoll sergeant (D:3)
  9 wights
  15 killer bees
  4 howler monkeys
  An electric eel (Lair:2)
  A crimson imp (D:6)
  A hound (D:6)
  4 jellies
  A bombardier beetle (D:4)
  15 orc priests
  A gnoll bouda (D:8)
  A sleepcap (D:6)
  6 iguanas
  27 orc wizards
  A sickly merfolk siren (Sewer)
  5 hell rats (Lair:3)
  A malarious merfolk avatar (Sewer)
  A hound zombie (D:3)
  Robin (D:2)
  12 adders
  10 gnolls
  A river rat (Sewer)
  5 white imps
  2 ufetubi (D:6)
  An adder zombie (D:3)
  A ribbon worm (D:2)
  50 orcs
  7 endoplasms
  7 giant cockroaches
  19 goblins
  8 hobgoblins
  3 jackals (D:4)
  13 kobolds
  3 quokkas
  15 ball pythons
  4 bats
  5 frilled lizards
  27 rats
666 creatures vanquished.

Vanquished Creatures (others)
  3 humans (D:13)
  2 orc wizards
  An orc (Orc:2)
6 creatures vanquished.

Grand Total: 672 creatures vanquished

Notes
Turn   | Place    | Note
-------+----------+-------------------------------------------
     0 | D:1      | gruber the Vine Stalker Fighter began the quest for the
                  | Orb.
     0 | D:1      | Reached XP level 1. HP: 11/11 MP: 2/2
   343 | D:1      | Reached XP level 2. HP: 16/16 MP: 3/3
  1017 | D:2      | Reached XP level 3. HP: 19/19 MP: 2/4
  1162 | D:2      | Reached XP level 4. HP: 21/23 MP: 3/5
  1333 | D:2      | Noticed Robin
  1374 | D:2      | Killed Robin
  1375 | D:2      | Reached XP level 5. HP: 20/27 MP: 3/6
  1873 | D:3      | Identified the +6 chain mail of Hysaliss {SInv}
  1950 | D:3      | Found a bloodstained altar of Trog.
  1950 | D:3      | Found a shadowy altar of Dithmenos.
  2042 | D:3      | Reached skill level 5 in Short Blades
  2052 | D:3      | Found a basalt altar of Yredelemnul.
  2100 | D:3      | Found Tebulur's Book Shoppe.
  2237 | D:3      | Reached XP level 6. HP: 32/32 MP: 7/7
  2276 | D:3      | Found a glowing drain.
  2280 | Sewer    | Entered a sewer
  2529 | Sewer    | Reached XP level 7. HP: 34/35 MP: 8/8
  2947 | D:3      | Found a faded altar of an unknown god.
  3273 | D:4      | Found an opulent altar of Gozag.
  3332 | D:4      | Gained mutation: You have razor-sharp teeth. [Vine Stalker
                  | growth]
  3332 | D:4      | Reached XP level 8. HP: 39/39 MP: 9/9
  3340 | D:4      | Found a blossoming altar of Fedhas.
  3642 | D:5      | Entered Level 5 of the Dungeon
  4070 | D:5      | Found a glowing golden altar of the Shining One.
  4527 | D:6      | Found a white marble altar of Elyvilon.
  4607 | D:6      | Reached skill level 5 in Armour
  4613 | D:6      | Reached XP level 9. HP: 43/43 MP: 10/10
  4662 | D:6      | Found a staircase to the Ecumenical Temple.
  4712 | D:6      | Found a sparkling altar of Nemelex Xobeh.
  4750 | Temple   | Entered the Ecumenical Temple
  4765 | Temple   | Became a worshipper of Uskayaw the Reveller
  4901 | D:6      | Reached * piety under Uskayaw
  5114 | D:6      | Reached ** piety under Uskayaw
  5116 | D:6      | Reached *** piety under Uskayaw
  5569 | D:7      | Reached **** piety under Uskayaw
  5624 | D:7      | Reached skill level 5 in Shields
  5624 | D:7      | Reached skill level 1 in Stealth
  5791 | D:7      | Reached skill level 5 in Stealth
  6315 | D:8      | Noticed a two-headed ogre
  6330 | D:8      | Reached XP level 10. HP: 29/47 MP: 8/11
  6333 | D:8      | Reached ***** piety under Uskayaw
  6341 | D:8      | HP: 2/47 [two-headed ogre/+0 giant spiked club (2)]
  6342 | D:8      | Killed a two-headed ogre
  6343 | D:8      | Reached skill level 10 in Stealth
  6458 | D:8      | Reached skill level 5 in Fighting
  6504 | D:8      | Paralysed by a hornet for 3 turns
  6667 | D:8      | Noticed a centaur warrior
  6667 | D:8      | Noticed a manticore
  6809 | D:8      | Reached skill level 1 in Dodging
  6905 | D:8      | Noticed Gastronok
  6924 | D:8      | Killed Gastronok
  7187 | D:8      | Found a staircase to the Lair.
  7385 | D:8      | Reached XP level 11. HP: 56/56 MP: 12/12
  7827 | D:9      | Found a runed translucent door.
  7827 | D:9      | Noticed casual's ghost (journeyman DjAl)
  8000 | D:9      | Reached skill level 5 in Dodging
  8035 | D:9      | Reached skill level 1 in Invocations
  8214 | D:9      | Found a sacrificial altar of Ru.
  8247 | D:9      | Found a hazy altar of Hepliaklqana.
  8718 | D:10     | Entered Level 10 of the Dungeon
 10020 | D:10     | Noticed a lindwurm
 10035 | D:10     | Noticed a lindwurm
 10035 | D:10     | Found the ring of the Mage {Wiz Archmagi}
 10086 | D:11     | Noticed Fannar
 10116 | D:11     | Killed Fannar
 10117 | D:11     | Reached skill level 5 in Invocations
 10216 | D:11     | Noticed a two-headed ogre
 10233 | D:11     | Killed a two-headed ogre
 10284 | D:11     | Noticed a boulder beetle
 10347 | D:11     | Killed a boulder beetle
 10539 | D:11     | Noticed a brown ugly thing
 10544 | D:11     | Killed a brown ugly thing
 10790 | Lair:1   | Entered Level 1 of the Lair of Beasts
 11017 | Lair:1   | HP: 2/56 [poisoned by a cane toad]
 11195 | Lair:1   | Reached skill level 10 in Short Blades
 11197 | Lair:1   | Reached XP level 12. HP: 54/61 MP: 19/19
 11881 | Lair:2   | Noticed a four-headed hydra
 11885 | Lair:2   | Noticed Maggie
 11943 | Lair:1   | Upgraded the game from 0.32-a0-893-gf85d74f360 to
                  | 0.32-a0-898-g7811c86cf0
 12144 | Lair:2   | Noticed Amaemon
 12158 | Lair:2   | Reached ****** piety under Uskayaw
 12163 | Lair:2   | Killed Amaemon
 12250 | Lair:2   | Found a staircase to the Shoals.
 12309 | Lair:2   | Noticed DEFE's ghost (journeyman CoFi)
 12309 | Lair:2   | Noticed a minotaur
 12318 | Lair:2   | Identified the +1 leather armour "Liraf" {Rampage Dex+3}
 12338 | Lair:2   | Killed Maggie
 12535 | Lair:2   | Found a runed translucent gate.
 12535 | Lair:2   | Found a runed translucent gate.
 12535 | Lair:2   | Found a runed translucent gate.
 12771 | Lair:2   | Noticed Urug
 12780 | Lair:2   | Killed a four-headed hydra
 12783 | Lair:2   | Killed Urug
 13036 | Lair:3   | Found a staircase to the Snake Pit.
 13145 | Lair:3   | Reached XP level 13. HP: 47/65 MP: 8/20
 15767 | Lair:5   | Entered Level 5 of the Lair of Beasts
 15861 | Lair:5   | Found a staircase to the Slime Pits.
 15862 | Lair:5   | Found a viscous altar of Jiyva.
 16458 | Lair:5   | Reached XP level 14. HP: 67/70 MP: 19/21
 17395 | Lair:5   | Found a corrupted altar of Lugonu.
 17395 | Lair:5   | Found a one-way gate to the infinite horrors of the Abyss.
 17395 | Lair:5   | Found the +7 captain's cutlass {speed, disarm}
 18136 | D:12     | Found a staircase to the Orcish Mines.
 18281 | D:12     | Noticed Iwannabefree's ghost (journeyman HuBe)
 18282 | D:12     | Found a transporter.
 18665 | D:12     | Noticed Sonja
 18676 | D:12     | Killed Sonja
 18704 | D:12     | Noticed Azrael
 18724 | D:12     | Killed Azrael
 18822 | D:12     | Found Heuxzog's Book Shoppe.
 19414 | D:13     | Noticed Kirke
 19426 | D:13     | Killed Kirke
 19665 | D:14     | Noticed Josephine
 19665 | D:14     | Found a gate to the Vaults.
 19748 | D:14     | Reached XP level 15. HP: 39/73 MP: 19/22
 19830 | D:14     | Noticed Lodul
 19850 | D:14     | Killed Lodul
 19964 | D:14     | Killed Josephine
 19965 | D:14     | Reached skill level 10 in Shields
 20231 | D:14     | You fall into a shaft and drop 1 floor!
 20231 | D:15     | Entered Level 15 of the Dungeon
 20962 | D:15     | Noticed a fire giant
 20987 | D:15     | Killed a fire giant
 21048 | D:15     | Found a staircase to the Depths.
 21440 | Orc:1    | Entered Level 1 of the Orcish Mines
 21592 | Orc:1    | Noticed Jorgrun
 21613 | Orc:1    | Killed Jorgrun
 21693 | Orc:1    | Found Taerrog's Armour Shoppe.
 21840 | Orc:2    | Entered Level 2 of the Orcish Mines
 21840 | Orc:2    | Found a staircase to the Elven Halls.
 21845 | Orc:2    | Found Afut's General Store.
 22105 | Orc:2    | Found a roughly hewn altar of Beogh.
 22214 | Orc:2    | Noticed Erolcha
 22237 | Orc:2    | Killed Erolcha
 22309 | Orc:2    | HP: 2/79 [orc priest/divine providence (10)]
 22314 | Orc:2    | HP: 1/79 [poisoned by a red devil]
 22314 | Orc:2    | Killed from afar by an orc priest

Illustrated notes

Levels and vault maps discovered:
D:1:      wander_arrival_fairy_ring, layout_loops_corners
D:2:      minmay_chambers_of_twos, layout_basic, kennysheep_generic_room_12,
          uniq_robin
D:3:      layout_rooms, chequers_temple_overflow_statue_of_worship,
          lemuel_zombie_altar_yredelemnul,
          shapermc_ecumenical_altar_mp_vishouse, serial_shops,
          nicolae_shop_behind_doors, mainiacjoe_sewer_entry_somewhere_in_here_2
D:4:      layout_basic, fedhas_altar_2, grunt_gozag_statues
D:5:      layout_loops_ring, tso_altar
D:6:      layout_loops_corners, elyvilon_altar_1, mainiacjoe_overflow_chevrons,
          minmay_temple_entry_nine_rooms, minmay_fire_ice_demons
D:7:      layout_cave_pools, kennysheep_cross_room
D:8:      nzn_winding_woodlands_medium [nzn_winding_woodlands_5x5_closed_star,
          nzn_winding_woodlands_5x15_pool, nzn_winding_woodlands_5x5_open_star,
          nzn_winding_woodlands_hourglass, nzn_winding_woodlands_center_lodge,
          nzn_winding_woodlands_5x5_three, nzn_winding_woodlands_5x5_perimeter,
          nzn_winding_woodlands_5x15_zeroes, nzn_winding_woodlands_5x5_default],
          layout_cave_pods, minmay_radiant, uniq_gastronok
D:9:      layout_stronghold, nzn_hepliaklqana_mist_gate,
          mainiacjoe_overflow_catwalk, gammafunk_ghost_grave, nicolae_tricolors
D:10:     layout_layer_cave, minmay_lindwurm_lava
D:11:     layout_rooms, minmay_misc_feat_tower, uniq_fannar
D:12:     layout_basic, orc_0_dummy, gammafunk_ghost_smash, serial_shops,
          nicolae_shop_trees, uniq_sonja, uniq_azrael
D:13:     layout_cave_pods, grunt_decor_one_mirror, uniq_kirke
D:14:     layout_gridville, david_vaults_3, uniq_lodul, uniq_josephine
D:15:     hellmonk_depths_entry_around_the_bend, layout_basic
Temple:   ebering_untended_altars
Lair:1:   layout_regular_city
Lair:2:   layout_regular_city, elwin_shoals_entry_rocks,
          maelrawn_ghost_gauntlet_escape, serial_bayou_shore_b, uniq_maggie,
          uniq_amaemon, uniq_urug
Lair:3:   layout_layer_cave, dummy_snake_entry, grunt_megastairs_4,
          lemuel_fruit_fields, lemuel_fruit_tree
Lair:4:   layout_layer_cave, chequers_serial_rivers_room_b
Lair:5:   hellmonk_lair_end_abyssal_woods, layout_regular_city, slime_entry_1,
          grunt_forest_large_clearings, serial_bayou_shore_b
Orc:1:    layout_diamond_mine, serial_shops, nicolae_shop_back_alley_shop,
          uniq_jorgrun
Orc:2:    st_orc_mages, layout_diamond_mine, serial_shops, shop, basic_altar,
          uniq_erolcha

Skill      XL: |  1  2  3  4  5  6  7  8  9 10 11 12 13 14 15 |
---------------+----------------------------------------------+-----
Short Blades   | 2 3 4 5 6 8 9 10 13 14 | 14.1
Armour         | 5 9 |  9.0
Shields        | 3 5 9 10 | 10.0
Stealth        | 9 10 14 | 14.0
Fighting       | 6 9 |  9.0
Dodging        | 4 5 6 9 |  9.0
Invocations    | 8 |  8.0

Action                     |  1- 3 |  4- 6 |  7- 9 | 10-12 | 13-15 || total
---------------------------+-------+-------+-------+-------+-------++-------
  Melee: Rapier            |    73 |   267 |   486 |   912 |   643 ||  2381
         Bite              |    14 |    68 |   155 |   331 |   597 ||  1165
         Cutlass           |       |       |       |       |   804 ||   804
 Invoke: Stomp             |       |       |       |     6 |     9 ||    15
         Grand Finale      |       |       |       |     1 |       ||     1
  Evoke: Wand              |       |       |     3 |       |     5 ||     8
    Use: Potion            |       |     1 |       |       |       ||     1
   Stab: Paralysed         |       |       |     8 |    47 |    78 ||   133
         Sleeping          |       |       |       |     3 |     3 ||     6
         Distracted        |       |       |       |       |     2 ||     2
         Petrified         |       |       |       |       |     1 ||     1
 Armour: Scale mail        |    58 |    50 |       |       |       ||   108
         Chain mail        |       |   126 |   321 |   635 |   684 ||  1766
  Dodge: Dodged            |    28 |    87 |   113 |   332 |   401 ||   961
  Block: Buckler           |    19 |    67 |   103 |   209 |   249 ||   647

Table legend: (Time is in decaauts)
 A = Elapsed time spent in this place.
 B = Non-inter-level travel time spent in this place.
 C = Inter-level travel time spent in this place.
 D = Time resting spent in this place.
 E = Time spent auto-exploring this place.
 F = Levels seen in this place.
 G = Mean time per level.
                   A        B        C        D        E       F      G
               +--------+--------+--------+--------+--------+-----+--------+
         Total |  21232 |  19899 |   1333 |    155 |  15527 |  24 |  884.7 |
       Dungeon |  13458 |  12462 |    996 |      7 |   9991 |  15 |  897.2 |
        Temple |     26 |     15 |     11 |      0 |      0 |   1 |   26.0 |
          Lair |   6447 |   6135 |    312 |    141 |   4748 |   5 | 1289.4 |
  Orcish Mines |    738 |    726 |     12 |      6 |    528 |   2 |  369.0 |
         Sewer |    561 |    561 |      0 |      0 |    259 |   1 |  561.0 |
               +--------+--------+--------+--------+--------+-----+--------+

Top non-repeatable levels by time:
  Lair:5: 1608 daAuts
     D:8: 1581 daAuts
    D:10: 1423 daAuts
  Lair:3: 1403 daAuts
  Lair:4: 1244 daAuts
     D:9: 1159 daAuts
  Lair:1: 1119 daAuts
     D:6: 1093 daAuts
  Lair:2: 1071 daAuts
     D:1: 973 daAuts
    D:14: 859 daAuts
     D:2: 814 daAuts
    D:13: 801 daAuts
    D:12: 759 daAuts
     D:5: 756 daAuts
